 Dungeon Crawl Stone Soup version 0.31-a0-187-gba352fbbf7 (webtiles) character file.

Game seed: 8657470065711788029

375 qw the Skirmisher (level 6, 0/35 HPs)
             Began as a Deep Elf Hunter on June 22, 2023.
             Was an Initiate of Okawaru.
             Succumbed to a scorpion's poison
             ... on level 5 of the Dungeon.
             The game lasted 00:01:20 (3816 turns).

qw the Skirmisher (Deep Elf Hunter)                 Turns: 3816, Time: 00:01:20

Health: 0/35       AC:  6    Str: 10    XL:     6   Next: 44%
Magic:  8/8        EV:  9    Int: 14    God:    Okawaru [......]
Gold:   288        SH:  0    Dex: 18    Spells: 5/5 levels left

rFire   . . .        Y - +0 shortbow
rCold   + . .        (shield currently unavailable)
rNeg    . . .        d - +0 scale mail
rPois   .            (no helmet)
rElec   .            (no cloak)
rCorr   .            (no gloves)
SInv    .            (no boots)
Will    .....        (no amulet)
Stlth   +            c - ring of protection from cold
HPRegen 0.25/turn    (no ring)
MPRegen 0.11/turn

%: no passive effects
@: lethally poisoned (0 -> -13)
A: no striking features
a: Renounce Religion


You were on level 5 of the Dungeon.
You worshipped Okawaru.
Okawaru was noncommittal.
You visited 2 branches of the dungeon, and saw 6 of its levels.

You collected 288 gold pieces.


   Skills:
 - Level 2.1 Fighting
 + Level 9.5 Ranged Weapons
 - Level 1.6 Armour
 - Level 2.4 Dodging
 - Level 1.2 Stealth


You had 5 spell levels left.
You didn't know any spells.
Your spell library was empty.

Inventory:

Hand Weapons
 Y - a +0 shortbow (weapon)
Armour
 d - a +0 scale mail (worn)
Jewellery
 c - a ring of protection from cold (left hand)
Scrolls
 a - a scroll of identify
Potions
 b - a potion of might {unknown}
 g - a potion of curing
 i - a potion of heal wounds {unknown}

Dungeon Overview and Level Annotations

Branches:
Dungeon (5/15)             Temple (1/1) D:4

Altars:
Ashenzari
Dithmenos
Elyvilon
Fedhas
Gozag
Hepliaklqana
Makhleb
Nemelex Xobeh
Okawaru
Qazlal
Ru
Trog
Vehumet
Xom
Yredelemnul
Zin
The Shining One


Message History

The adder barely misses you.
You shoot an arrow. The arrow hits the adder.
The adder is almost dead.
The adder closely misses you. The adder barely misses you.
You shoot an arrow. The arrow hits the adder.
You kill the adder!
Okawaru accepts your kill.
Found a mace.
A scorpion comes into view.
You shoot an arrow. The arrow closely misses the scorpion.
You shoot an arrow. The arrow closely misses the scorpion.
You shoot an arrow. The arrow hits the scorpion.
The scorpion is lightly wounded.
The scorpion stings you.
You are poisoned.
The scorpion poisons you!
The scorpion stings you but does no damage.
You shoot an arrow.
The arrow hits the scorpion but does no damage.
The scorpion is lightly wounded.
You feel very sick. The scorpion stings you.
You are more poisoned.
The scorpion poisons you!
You shoot an arrow. The arrow hits the scorpion.
The scorpion is moderately wounded.
You feel very sick. The scorpion stings you.
You shoot an arrow. The arrow barely misses the scorpion.
You feel very sick. The scorpion stings you.
You are lethally poisoned!
The scorpion poisons you! The scorpion barely misses you.
You shoot an arrow. The arrow closely misses the scorpion.
You feel very sick. The scorpion stings you.
You shoot an arrow.
The arrow hits the scorpion but does no damage.
The scorpion is moderately wounded.
You die...

.....# .....##
...... ##....#
.. ##....#
....##..).##
.........s....#
.. .....
#@[..#...
......
##..#.....
.....
#....##..#
.....###.....#
# . #......####
....#.....##
.......<..#
.......%..#
#####......#


You could see a scorpion.

Vanquished Creatures
  A phantom (D:4)
  A howler monkey (D:4)
  A hound (D:4)
  An iguana (D:4)
  An orc wizard (D:4)
  9 adders
  An ufetubus (D:4)
  2 worms
  2 dart slugs
  5 orcs
  4 endoplasms
  3 goblins (D:1)
  12 hobgoblins
  10 jackals
  3 quokkas
  8 ball pythons
  5 bats
  6 frilled lizards
  8 kobolds
  3 rats
86 creatures vanquished.

Notes
Turn   | Place    | Note
-------+----------+-------------------------------------------
     0 | D:1      | qw the Deep Elf Hunter began the quest for the Orb.
     0 | D:1      | Reached XP level 1. HP: 12/12 MP: 3/3
     0 | D:1      | 0 ||| qw: Version: 0.3-a-9-g12657ce
     0 | D:1      | 0 ||| qw: Game counter: 2695
     0 | D:1      | 0 ||| qw: Always use a shield: true
     0 | D:1      | 0 ||| qw: God list: Okawaru
     0 | D:1      | 0 ||| qw: Allow faded altars: false
     0 | D:1      | 0 ||| qw: Do Orc after D:15 true
     0 | D:1      | 0 ||| qw: Do second Lair branch before Depths: true
     0 | D:1      | 0 ||| qw: Lair rune preference: random
     0 | D:1      | 0 ||| qw: Plans: Normal
     0 | D:1      | 0 ||| PLANNING D:1-11
   144 | D:1      | Reached XP level 2. HP: 16/16 MP: 4/4
   170 | D:1      | Reached skill level 6 in Ranged Weapons
   285 | D:1      | HP: 4/16 [endoplasm (2)]
   289 | D:1      | HP: 1/16 [hobgoblin (2)]
   837 | D:1      | Reached XP level 3. HP: 20/20 MP: 5/5
   965 | D:1      | 965 ||| UPGRADING to +0 scale mail.
   975 | D:1      | 975 ||| DROPPING +0 leather armour.
   976 | D:1      | 976 ||| DROPPING ring of magical power.
   977 | D:1      | 977 ||| READING 2 scrolls labelled KOIKHL DOIRIR.
   978 | D:1      | 978 ||| READING scroll labelled EGAUTU FANE.
   979 | D:1      | 979 ||| READING scroll labelled ANUEQE SAGIWN.
   980 | D:1      | 980 ||| DROPPING scroll of fear.
   981 | D:1      | 981 ||| DROPPING scroll of butterflies.
  1123 | D:2      | Reached skill level 7 in Ranged Weapons
  1625 | D:2      | 1625 ||| READING scroll labelled ESUNU GINKUSA.
  1628 | D:2      | 1628 ||| READING scroll labelled GEJ YFITARGHOI.
  1629 | D:2      | 1629 ||| READING 2 scrolls of identify.
  1629 | D:2      | 1629 ||| IDENTIFYING bubbling sapphire potion
  1630 | D:2      | 1630 ||| DROPPING potion of ambrosia.
  1661 | D:3      | 1661 ||| STAIRDANCE
  1749 | D:3      | Reached XP level 4. HP: 25/25 MP: 6/6
  1935 | D:3      | Found a faded altar of an unknown god.
  2087 | D:3      | Found an opulent altar of Gozag.
  2302 | D:3      | Reached skill level 8 in Ranged Weapons
  2634 | D:3      | 2634 ||| UPGRADING to ring of protection from cold.
  2635 | D:3      | 2635 ||| READING scroll labelled TAFFORAYMO.
  2636 | D:3      | 2636 ||| READING 2 scrolls of identify.
  2636 | D:3      | 2636 ||| IDENTIFYING metallic coppery potion
  2637 | D:3      | 2637 ||| DROPPING potion of degeneration.
  2748 | D:4      | Reached XP level 5. HP: 29/29 MP: 7/7
  2765 | D:4      | Found a staircase to the Ecumenical Temple.
  2766 | D:4      | 2766 ||| PLANNING TEMPLE
  2766 | D:4      | 2766 ||| READING 2 scrolls of identify.
  2766 | D:4      | 2766 ||| IDENTIFYING green potion
  2787 | Temple   | Entered the Ecumenical Temple
  2840 | Temple   | 2840 ||| PLANNING OKAWARU WORSHIP
  2938 | Temple   | Became a worshipper of Warmaster Okawaru
  2939 | Temple   | 2939 ||| PLANNING D:1-11
  3026 | D:4      | Reached skill level 9 in Ranged Weapons
  3179 | D:4      | Noticed a phantom
  3187 | D:4      | Killed a phantom
  3188 | D:4      | Reached skill level 1 in Armour
  3188 | D:4      | Reached XP level 6. HP: 35/35 MP: 8/8
  3314 | D:4      | Found a shadowy altar of Dithmenos.
  3314 | D:4      | Found a hazy altar of Hepliaklqana.
  3317 | D:4      | Noticed a shadow
  3371 | D:4      | Found a blossoming altar of Fedhas.
  3627 | D:4      | 3627 ||| DRINKING 3 purple potions.
  3628 | D:4      | 3628 ||| DRINKING 2 fizzy blue potions.
  3629 | D:4      | 3629 ||| DROPPING 2 potions of attraction.
  3630 | D:4      | 3630 ||| DROPPING potion of brilliance.
  3648 | D:5      | Entered Level 5 of the Dungeon
  3648 | D:5      | Noticed an ice beast
  3650 | D:5      | 3650 ||| STAIRDANCE
  3657 | D:4      | HP: 8/35 [ice beast (3)]
  3658 | D:4      | 3658 ||| READING scroll of teleportation.
  3815 | D:5      | HP: 7/35 [poisoned by a scorpion]
  3815 | D:5      | HP: 3/35 [scorpion (4)]
  3816 | D:5      | Succumbed to a scorpion's poison

Levels and vault maps discovered:
D:1:      tarquinn_simple_flora_water_e, layout_loops_corners, minivault_23,
          minmay_quantized
D:2:      layout_loops_ring, nicolae_figureground_pulse
D:3:      layout_basic, mainiacjoe_overflow_chevrons,
          shapermc_ecumenical_altar_acropolis
D:4:      layout_rooms, riverfiend_overflow_shadow_ancestor,
          mainiacjoe_overflow_24_doors, minmay_temple_entry_mist, dk_vineyard_1,
          minmay_manual_monstrance
D:5:      layout_layer_cave, led_sif_book, uniq_menkaure
Temple:   dshaligram_water_room_temple

Skill      XL: |  1  2  3  4  5 |
---------------+----------------+-----
Ranged Weapons | 6 7 8 9 |  9.5
Fighting       | 2 |  2.1
Armour         | 1 |  1.6
Dodging        | |  2.4
Stealth        | |  1.2

Action                     |  1- 3 |  4- 6 || total
---------------------------+-------+-------++-------
   Fire: Shortbow          |   135 |   164 ||   299
    Use: Scroll            |     6 |     4 ||    10
         Potion            |       |     2 ||     2
 Armour: Leather armour    |     2 |       ||     2
         Scale mail        |    27 |    40 ||    67
  Dodge: Dodged            |    39 |    37 ||    76

Table legend:
 A = Non-vault XP
 B = Vault XP
 C = Vault XP percentage of total XP
 D = Non-vault monster count
 E = Vault monster count
 F = Vault count percentage of total count
                 A         B        C        D         E       F
            +---------+---------+-------+---------+---------+-------
      Total |     382 |     154 |  28.7 |      76 |      10 |  11.6
            +---------+---------+-------+---------+---------+-------
        D:1 |      38 |       9 |  19.1 |      23 |       5 |  17.9
        D:2 |      47 |       0 |   0.0 |      13 |       0 |   0.0
        D:3 |      74 |       0 |   0.0 |      15 |       0 |   0.0
        D:4 |     210 |     145 |  40.8 |      24 |       5 |  17.2
        D:5 |      13 |       0 |   0.0 |       1 |       0 |   0.0
            +---------+---------+-------+---------+---------+-------
